 Dungeon Crawl Stone Soup version 0.30-a0-365-ge7f957f1db (webtiles) character file.

Game seed: 15416775994818328987

450 mopl the Ducker (level 7, 20/60 HPs)
             Began as a Gnoll Monk on Nov 16, 2022.
             Quit the game in a sewer.
             The game lasted 00:03:55 (2317 turns).

mopl the Ducker (Gnoll Monk)                        Turns: 2317, Time: 00:03:56

Health: 20/60      AC:  5    Str: 13    XL:     7   Next: 4%
Magic:  10/10      EV: 13    Int:  9    God:
Gold:   203        SH:  0    Dex: 14    Spells: 10/10 levels left

rFire   . . .      SeeInvis .    o - +0 flail
rCold   . . .      Faith    .    (no shield)
rNeg    . . .      Spirit   .    m - +0 ring mail
rPois   .          Reflect  .    u - +0 hat
rElec   .          Harm     .    (no cloak)
rCorr   .          Rampage  .    (no gloves)
Will    .....                    (no boots)
Stlth   ++........               (no amulet)
HPRegen 0.30/turn                (no ring)
MPRegen 0.12/turn                (no ring)

@: no status effects
A: fangs 1, strong nose, distributed training
a: no special abilities


You were in a sewer.
You visited 1 branch of the dungeon, and saw 3 of its levels.
You also visited: Sewer.

You collected 203 gold pieces.

Inventory:

Hand Weapons
 a - a +0 mace
 o - a +0 flail (weapon)
Missiles
 l - 18 poisoned darts (quivered)
 s - a throwing net
 w - 2 javelins
Armour
 m - a +0 ring mail (worn)
 u - a +0 hat (worn)
Jewellery
 g - a ring of positive energy
 q - the amulet "Waalyuf" {+Blink +Inv Regen+ rCorr SInv}
   (You took it off a gnoll on level 2 of the Dungeon)

   [amulet of regeneration]

   SInv:      It lets you see invisible.
   +Inv:      It lets you turn invisible.
   +Blink:    It lets you blink.
   Regen:     It increases your rate of health regeneration.
   rCorr:     It protects you from acid and corrosion.
Scrolls
 b - a scroll of amnesia {unknown}
 d - 2 scrolls of immolation {unknown}
 e - 4 scrolls of teleportation {unknown}
 f - 10 scrolls of identify {unknown}
 n - a scroll of enchant weapon {unknown}
 v - a scroll of fog {unknown}
 y - 2 scrolls of enchant armour {unknown}
 z - a scroll of fear {unknown}
Potions
 c - a potion of ambrosia
 h - a potion of heal wounds
 i - a potion of cancellation {unknown}
 j - a potion of brilliance {unknown}
 k - a potion of lignification {unknown}
 p - a potion of resistance {unknown}
 r - a potion of degeneration {unknown}
 t - 2 potions of curing {unknown}
 x - a potion of haste {unknown}


   Skills:
 + Level 7.0 Fighting
 + Level 2.3 Short Blades
 + Level 2.3 Long Blades
 + Level 2.3 Axes
 + Level 7.0 Maces & Flails
 + Level 2.3 Polearms
 + Level 2.3 Staves
 + Level 2.3 Ranged Weapons
 + Level 2.3 Throwing
 + Level 2.3 Armour
 + Level 7.0 Dodging
 + Level 4.8 Stealth
 + Level 2.3 Shields
 + Level 2.3 Unarmed Combat
 + Level 2.3 Spellcasting
 + Level 1.9 Conjurations
 + Level 1.9 Hexes
 + Level 1.9 Summonings
 + Level 1.9 Necromancy
 + Level 1.9 Translocations
 + Level 1.9 Transmutations
 + Level 1.9 Fire Magic
 + Level 1.9 Ice Magic
 + Level 1.9 Air Magic
 + Level 1.9 Earth Magic
 + Level 1.9 Poison Magic
 + Level 2.5 Invocations
 + Level 2.3 Evocations


You had 10 spell levels left.
You didn't know any spells.
Your spell library contained the following spells:

 Spells                   Type           Power      Damage    Failure   Level
 Sting                    Tmut/Pois      16%        1d3       30%         1
 Poisonous Vapours        Pois/Air       8%         N/A       43%         2
 Static Discharge         Conj/Air       8%         2-3/arc   43%         2
 Vhi's Electric Charge    Tloc/Air       8%         N/A       67%         3
 Olgreb's Toxic Radiance  Pois           4%         N/A       97%         4
 Arcjolt                  Conj/Air       2%         1d12      100%        5
 Lightning Bolt           Conj/Air       2%         1d13      100%        5


Dungeon Overview and Level Annotations

Branches:
Dungeon (3/15)              Sewer (1/1)

Altars:
Sif Muna


Innate Abilities, Weirdness & Mutations

You have very sharp teeth.
Your uncanny sense of smell can sniff out nearby items.
Your experience applies equally to all skills.


Message History

The kobold brigand closely misses you.
You miss the kobold brigand.
The kobold brigand is almost dead.
The kobold brigand hits you with a +0 club.
* * * LOW HITPOINT WARNING * * *
You hit the kobold brigand.
You kill the kobold brigand!
Your Fighting skill increases to level 7!
Your Maces & Flails skill increases to level 7!
Your Dodging skill increases to level 7!
You have reached level 7!
l - 18 poisoned darts (gained 5)
You see here a +0 club.
Unknown command.
You enter the shallow water.
Moving in this stuff is going to be slow.
y - 2 scrolls labelled YDWATI RA ORPH (gained 1)
You see here a +0 club.
Things that are here:
a +0 dagger; a stone; a kobold corpse You see here a +0 club.
z - a scroll labelled TAPIESELED You enter the shallow water.
Moving in this stuff is going to be slow.
A rat comes into view.
You are too injured to fight recklessly!
You are too injured to fight recklessly!
You are too injured to fight recklessly!
You are too injured to fight recklessly!
You are too injured to fight recklessly!
You are too injured to fight recklessly!
You are too injured to fight recklessly!
The rat misses you.
Your unstable footing causes you to fumble your attack.
The rat closely misses you.
Your unstable footing causes you to fumble your attack.
The rat barely misses you.
You hit the rat.
You kill the rat!
Are you sure you want to abandon this character and quit the game? (Confirm with "yes".)

#### ##### ## ##...##
##...## #.
#~..~.#####..~..#####.
#.~..@~~~~~....~......
#.~...#####~....####..
##~..## ##~..## ###
##~# ##†## # #~ #)# #~
#~# # ##~## ## ##...##
##. #####...~.####~.


There were no monsters in sight!

Vanquished Creatures
  Pargi (D:3)
  2 kobold brigands (Sewer)
  An orc wizard (D:3)
  7 gnolls
  3 adders
  A river rat (Sewer)
  2 worms
  3 dart slugs
  4 orcs (D:3)
  3 endoplasms
  3 giant cockroaches (D:3)
  6 goblins
  3 hobgoblins
  5 jackals (D:1)
  8 kobolds
  7 quokkas
  2 ball pythons
  9 bats
  2 frilled lizards (D:1)
  5 rats
77 creatures vanquished.

Notes
Turn   | Place    | Note
-------+----------+-------------------------------------------
     0 | D:1      | mopl the Gnoll Monk began the quest for the Orb.
     0 | D:1      | Reached XP level 1. HP: 23/23 MP: 1/1
   110 | D:1      | Reached XP level 2. HP: 27/29 MP: 2/2
   655 | D:2      | Reached XP level 3. HP: 30/35 MP: 3/3
   766 | D:2      | Identified the +7 dagger of Qoik {vorpal, Str+3 Dex+2}
   776 | D:2      | Reached skill level 1 in Invocations
   939 | D:2      | Reached skill level 1 in Short Blades
   939 | D:2      | Reached skill level 1 in Long Blades
   939 | D:2      | Reached skill level 1 in Axes
   939 | D:2      | Reached skill level 1 in Polearms
   939 | D:2      | Reached skill level 1 in Staves
   939 | D:2      | Reached skill level 1 in Ranged Weapons
   939 | D:2      | Reached skill level 1 in Throwing
   939 | D:2      | Reached skill level 1 in Armour
   939 | D:2      | Reached skill level 1 in Shields
   939 | D:2      | Reached skill level 1 in Unarmed Combat
   939 | D:2      | Reached skill level 1 in Spellcasting
   939 | D:2      | Reached skill level 1 in Evocations
  1008 | D:2      | Reached XP level 4. HP: 28/41 MP: 5/5
  1102 | D:2      | Reached skill level 1 in Conjurations
  1102 | D:2      | Reached skill level 1 in Hexes
  1102 | D:2      | Reached skill level 1 in Summonings
  1102 | D:2      | Reached skill level 1 in Necromancy
  1102 | D:2      | Reached skill level 1 in Translocations
  1102 | D:2      | Reached skill level 1 in Transmutations
  1102 | D:2      | Reached skill level 1 in Fire Magic
  1102 | D:2      | Reached skill level 1 in Ice Magic
  1102 | D:2      | Reached skill level 1 in Air Magic
  1102 | D:2      | Reached skill level 1 in Earth Magic
  1102 | D:2      | Reached skill level 1 in Poison Magic
  1347 | D:2      | Found a faded altar of an unknown god.
  1356 | D:2      | Prayed at the altar of an unknown god.
  1356 | D:2      | Became a worshipper of Sif Muna the Loreminder
  1356 | D:2      | Reached * piety under Sif Muna
  1356 | D:2      | Reached ** piety under Sif Muna
  1357 | D:2      | Fell from the grace of Sif Muna
  1370 | D:2      | Identified the amulet "Waalyuf" {+Blink +Inv Regen+ rCorr
                  | SInv}
  1694 | D:2      | Reached XP level 5. HP: 39/47 MP: 7/7
  1831 | D:3      | Noticed Pargi
  1843 | D:3      | Killed Pargi
  1844 | D:3      | Reached skill level 2 in Invocations
  1844 | D:3      | Reached XP level 6. HP: 33/53 MP: 8/8
  1971 | D:3      | Reached skill level 2 in Short Blades
  1971 | D:3      | Reached skill level 2 in Long Blades
  1971 | D:3      | Reached skill level 2 in Axes
  1971 | D:3      | Reached skill level 2 in Polearms
  1971 | D:3      | Reached skill level 2 in Staves
  1971 | D:3      | Reached skill level 2 in Ranged Weapons
  1971 | D:3      | Reached skill level 2 in Throwing
  1971 | D:3      | Reached skill level 2 in Armour
  1971 | D:3      | Reached skill level 2 in Shields
  1971 | D:3      | Reached skill level 2 in Unarmed Combat
  1971 | D:3      | Reached skill level 2 in Spellcasting
  1971 | D:3      | Reached skill level 2 in Evocations
  2026 | D:3      | Found a glowing drain.
  2042 | Sewer    | Entered a sewer
  2067 | Sewer    | HP: 2/53 [kobold brigand/+0 short sword (3)]
  2287 | Sewer    | Reached skill level 7 in Fighting
  2287 | Sewer    | Reached skill level 7 in Maces & Flails
  2287 | Sewer    | Reached skill level 7 in Dodging
  2287 | Sewer    | Reached XP level 7. HP: 9/60 MP: 10/10
  2317 | Sewer    | Quit the game

Illustrated notes

Levels and vault maps discovered:
D:1:      minmay_arrival_open_corners, layout_loops_ring
D:2:      layout_basic, hellmonk_ecumenical_altar_leap_of_faith
D:3:      layout_loops_ring, pdpol_wu_jian_five_deadly_venoms,
          gup_sewer_entry_pipe, minmay_misc_feat_chi, uniq_pargi
Sewer:    sewer_co_15_rooms

Skill      XL: |  1  2  3  4  5  6 |
---------------+-------------------+-----
Invocations    | 1 2 |  2.5
Short Blades   | 1 2 |  2.3
Long Blades    | 1 2 |  2.3
Axes           | 1 2 |  2.3
Polearms       | 1 2 |  2.3
Staves         | 1 2 |  2.3
Ranged Weapons | 1 2 |  2.3
Throwing       | 1 2 |  2.3
Armour         | 1 2 |  2.3
Shields        | 1 2 |  2.3
Unarmed Combat | 1 2 |  2.3
Spellcasting   | 1 2 |  2.3
Evocations     | 1 2 |  2.3
Conjurations   | 1 |  1.9
Hexes          | 1 |  1.9
Summonings     | 1 |  1.9
Necromancy     | 1 |  1.9
Translocations | 1 |  1.9
Transmutations | 1 |  1.9
Fire Magic     | 1 |  1.9
Ice Magic      | 1 |  1.9
Air Magic      | 1 |  1.9
Earth Magic    | 1 |  1.9
Poison Magic   | 1 |  1.9
Fighting       | 7 |  7.0
Maces & Flails | 7 |  7.0
Dodging        | 7 |  7.0
Stealth        | |  4.8

Action                   |  1- 3 |  4- 6 |  7- 9 || total
-------------------------+-------+-------+-------++-------
Melee: Mace              |    82 |       |       ||    82
       Bite              |     4 |    18 |       ||    22
       Flail             |    11 |   165 |     3 ||   179
       Punch             |       |     3 |       ||     3
Invok: Renounce Religion |       |     1 |       ||     1
  Use: Potion            |       |     1 |       ||     1
 Stab: Sleeping          |     8 |     5 |       ||    13
Armor: Robe              |    10 |       |       ||    10
       Ring mail         |     8 |    40 |       ||    48
Dodge: Dodged            |    65 |    83 |     3 ||   151

Table legend: (Time is in decaauts)
 A = Elapsed time spent in this place.
 B = Non-inter-level travel time spent in this place.
 C = Inter-level travel time spent in this place.
 D = Time resting spent in this place.
 E = Time spent auto-exploring this place.
 F = Levels seen in this place.
 G = Mean time per level.
                   A        B        C        D        E       F      G
               +--------+--------+--------+--------+--------+-----+--------+
         Total |   2359 |   2264 |     95 |    228 |   1228 |   4 |  589.8 |
       Dungeon |   2062 |   1967 |     95 |    110 |   1187 |   3 |  687.3 |
         Sewer |    297 |    297 |      0 |    118 |     41 |   1 |  297.0 |
               +--------+--------+--------+--------+--------+-----+--------+

Top non-repeatable levels by time:
     D:2: 1051 daAuts
     D:1: 687 daAuts
     D:3: 323 daAuts
   Sewer: 297 daAuts
